 Dungeon Crawl Stone Soup version 0.24.0-37-gcf1ca852f1 (webtiles) character file.

Game seed: 12954676338927277310, levelgen mode: deterministic

163 Iamsoldier the Charmwright (level 5, 0/43 HPs)
             Began as a Gnoll Skald on Nov 24, 2019.
             Was an Initiate of Ru.
             Killed from afar by an orc wizard (9 damage)
             ... with a puff of flame
             ... on level 2 of the Dungeon.
             The game lasted 00:06:03 (2112 turns).

Iamsoldier the Charmwright (Gnoll Skald)            Turns: 2112, Time: 00:06:03

Health: 0/43       AC:  5    Str: 13    XL:     5   Next: 44%
Magic:  0/12       EV: 14    Int: 16    God:    Ru [......]
Gold:   106        SH:  0    Dex: 15    Spells: 5/14 levels left

rFire    . . .     SeeInvis .   a - +0 spear
rCold    . . .     Gourm    .   (no shield)
rNeg     . . .     Faith    .   b - +0 leather armour
rPois    .         Spirit   .   (no helmet)
rElec    .         Reflect  .   (no cloak)
rCorr    .         Harm     .   (no gloves)
MR       .....                  i - +1 pair of boots
Stlth    +.........             (no amulet)
HPRegen  0.14/turn              (no ring)
MPRegen  0.13/turn              (no ring)

@: confused, infused
A: distributed training, fangs 1, strong nose
a: Renounce Religion


You were on level 2 of the Dungeon.
You worshipped Ru.
Ru was noncommittal.
You were not hungry.

You visited 1 branch of the dungeon, and saw 3 of its levels.

You collected 106 gold pieces.

Inventory:

Hand Weapons
 a - a +0 spear (weapon)
Armour
 b - a +0 leather armour (worn)
 i - a +1 pair of boots (worn)
Wands
 l - a wand of iceblast (7)
Scrolls
 f - 4 scrolls of identify {unknown}
 g - a scroll of fog {unknown}
 j - 2 scrolls of remove curse {unknown}
Potions
 c - a potion of flight {unknown}
 e - 3 potions of agility {unknown}
 h - a potion of curing {unknown}
 m - a potion of degeneration {unknown}
Comestibles
 d - 2 rations
 k - a chunk of flesh


   Skills:
 + Level 4.8 Fighting
 + Level 1.4 Short Blades
 + Level 1.4 Long Blades
 + Level 1.4 Axes
 + Level 1.4 Maces & Flails
 + Level 4.8 Polearms
 + Level 1.4 Staves
 + Level 1.4 Slings
 + Level 1.4 Bows
 + Level 1.4 Crossbows
 + Level 1.4 Throwing
 + Level 3.0 Armour
 + Level 4.8 Dodging
 + Level 1.4 Stealth
 + Level 1.4 Shields
 + Level 1.4 Unarmed Combat
 + Level 5.2 Spellcasting
 + Level 1.1 Conjurations
 + Level 1.1 Hexes
 + Level 5.5 Charms
 + Level 1.1 Summonings
 + Level 1.1 Necromancy
 + Level 1.1 Translocations
 + Level 1.1 Transmutations
 + Level 1.1 Fire Magic
 + Level 1.1 Ice Magic
 + Level 1.1 Air Magic
 + Level 1.1 Earth Magic
 + Level 1.1 Poison Magic
 + Level 1.6 Invocations
 + Level 1.4 Evocations


You had 5 spell levels left.
You knew the following spells:

 Your Spells              Type           Power        Failure   Level  Hunger
a - Infusion              Chrm           ###.         1%          1    None
b - Shroud of Golubria    Chrm/Tloc      ##....       7%          2    #......
c - Spectral Weapon       Hex/Chrm       ##......     14%         3    ###....
d - Regeneration          Chrm/Necr      ##........   14%         3    ###....

Your spell library contained the following spells:

 Spells                   Type           Power        Failure   Level  Hunger
 Song of Slaying          Chrm           ###.....     3%          2    #......


Dungeon Overview and Level Annotations

Branches:
Dungeon (3/15)

Altars:
Ru


Innate Abilities, Weirdness & Mutations

Your experience applies equally to all skills.
You have very sharp teeth.
Your uncanny sense of smell can sniff out nearby items.


Message History

You begin infusing your attacks with magical energy.
Something hits you.
You miss something. Something hits you but does no damage.
You closely miss something. Something hits you but does no damage.
You hit something.
You hear some strange, mumbled words.
A puff of flame appears from out of thin air!
The puff of flame hits you.
* * * LOW HITPOINT WARNING * * *
You closely miss something. Something hits you.
* * * LOW HITPOINT WARNING * * *
You barely miss something. Something hits you.
* * * LOW HITPOINT WARNING * * *
You miss something.
You hear some strange, mumbled words.
You are confused.
You hear some strange, mumbled words.
A puff of flame appears from out of thin air!
The puff of flame hits you!
You die...

###### #....# #.##.#
###.##.###
######........#
...........##.#####
.......##..##....)##
................@.>#
...........######{.#
####'#..##......#..#
####.).............#
.....#.#......รท###.#
.......'.......# #.#
.......#.......# #.#
.......#.......# #.#
.............>####.#


There were no monsters in sight!

Vanquished Creatures
  An orc priest (D:3)
  A gnoll (D:1)
  2 adders (D:2)
  2 oozes (D:1)
  2 worms (D:2)
  A dart slug (D:2)
  A leopard gecko (D:2)
  3 orcs
  5 giant cockroaches
  7 goblins
  4 hobgoblins (D:1)
  19 jackals
  8 kobolds
  A ball python (D:2)
  8 bats
  5 frilled lizards
  10 rats
80 creatures vanquished.

Notes
Turn   | Place    | Note
-------+----------+-------------------------------------------
     0 | D:1      | Iamsoldier the Gnoll Skald began the quest for the Orb.
     0 | D:1      | Reached XP level 1. HP: 20/20 MP: 6/6
    83 | D:1      | Reached XP level 2. HP: 25/26 MP: 1/7
   297 | D:1      | Reached XP level 3. HP: 27/31 MP: 9/9
   351 | D:1      | Reached skill level 5 in Spellcasting
   557 | D:1      | Reached skill level 1 in Invocations
  1092 | D:1      | Reached skill level 1 in Short Blades
  1092 | D:1      | Reached skill level 1 in Long Blades
  1092 | D:1      | Reached skill level 1 in Axes
  1092 | D:1      | Reached skill level 1 in Maces & Flails
  1092 | D:1      | Reached skill level 1 in Staves
  1092 | D:1      | Reached skill level 1 in Slings
  1092 | D:1      | Reached skill level 1 in Bows
  1092 | D:1      | Reached skill level 1 in Crossbows
  1092 | D:1      | Reached skill level 1 in Throwing
  1092 | D:1      | Reached skill level 1 in Stealth
  1092 | D:1      | Reached skill level 1 in Shields
  1092 | D:1      | Reached skill level 1 in Unarmed Combat
  1092 | D:1      | Reached skill level 1 in Evocations
  1289 | D:2      | Learned a level 2 spell: Shroud of Golubria
  1293 | D:2      | Learned a level 3 spell: Spectral Weapon
  1297 | D:2      | Learned a level 3 spell: Regeneration
  1306 | D:2      | Reached XP level 4. HP: 38/38 MP: 3/11
  1609 | D:2      | Reached skill level 1 in Conjurations
  1609 | D:2      | Reached skill level 1 in Hexes
  1609 | D:2      | Reached skill level 1 in Summonings
  1609 | D:2      | Reached skill level 1 in Necromancy
  1609 | D:2      | Reached skill level 1 in Translocations
  1609 | D:2      | Reached skill level 1 in Transmutations
  1609 | D:2      | Reached skill level 1 in Fire Magic
  1609 | D:2      | Reached skill level 1 in Ice Magic
  1609 | D:2      | Reached skill level 1 in Air Magic
  1609 | D:2      | Reached skill level 1 in Earth Magic
  1609 | D:2      | Reached skill level 1 in Poison Magic
  1668 | D:2      | Reached XP level 5. HP: 34/43 MP: 2/12
  1790 | D:2      | Found a sacrificial altar of Ru.
  1799 | D:2      | Became a worshipper of Ru the Awakened
  2112 | D:2      | Killed from afar by an orc wizard

Levels and vault maps discovered:
D:1:      dpeg_arrival_houses_and_road, layout_basic
D:2:      layout_basic, nicolae_ru_awakened_eye
D:3:      layout_basic, minmay_misc_feat_secret_circle

Skill      XL: |  1  2  3  4  5 |
---------------+----------------+-----
Spellcasting   | 5 |  5.2
Invocations    | 1 |  1.6
Short Blades   | 1 |  1.4
Long Blades    | 1 |  1.4
Axes           | 1 |  1.4
Maces & Flails | 1 |  1.4
Staves         | 1 |  1.4
Slings         | 1 |  1.4
Bows           | 1 |  1.4
Crossbows      | 1 |  1.4
Throwing       | 1 |  1.4
Stealth        | 1 |  1.4
Shields        | 1 |  1.4
Unarmed Combat | 1 |  1.4
Evocations     | 1 |  1.4
Conjurations   | 1 |  1.1
Hexes          | 1 |  1.1
Summonings     | 1 |  1.1
Necromancy     | 1 |  1.1
Translocations | 1 |  1.1
Transmutations | 1 |  1.1
Fire Magic     | 1 |  1.1
Ice Magic      | 1 |  1.1
Air Magic      | 1 |  1.1
Earth Magic    | 1 |  1.1
Poison Magic   | 1 |  1.1
Armour         | 3 |  3.0
Fighting       | |  4.8
Polearms       | |  4.8
Dodging        | |  4.8
Charms         | |  5.5

Action                   |  1- 3 |  4- 6 || total
-------------------------+-------+-------++-------
Melee: Spear             |   125 |   128 ||   253
       Bite              |     9 |     5 ||    14
       Punch             |       |     2 ||     2
 Cast: Infusion          |     7 |     8 ||    15
       Spectral Weapon   |     1 |     3 ||     4
       Shroud of Golubri |       |     1 ||     1
 Stab: Sleeping          |     2 |     1 ||     3
  Eat: Chunk             |     1 |     3 ||     4
Armor: Leather armour    |    19 |    33 ||    52
Dodge: Dodged            |    65 |    88 ||   153
